 Dungeon Crawl Stone Soup version 0.28.0-53-g5a82cb258f (webtiles) character file.

Game seed: 5375657249064465462

139 Peloso the Covered (level 5, -3/47 HPs)
             Began as a Minotaur Fighter on July 24, 2022.
             Slain by Grinder (4 damage)
             ... while paralysed by Grinder
             ... on level 3 of the Dungeon.
             The game lasted 00:02:17 (1971 turns).

Peloso the Covered (Minotaur Fighter)               Turns: 1971, Time: 00:02:17

Health: -3/47      AC:  7    Str: 20    XL:     5   Next: 1%
Magic:  4/4        EV:  2    Int:  5    God:
Gold:   55         SH:  0    Dex: 12    Spells: 4/4 levels left

rFire   . . .      SeeInvis .   a - +0 long sword
rCold   . . .      Faith    .   c - +0 buckler
rNeg    . . .      Spirit   .   b - +0 scale mail
rPois   .          Reflect  .   (helmet restricted)
rElec   .          Harm     .   (no cloak)
rCorr   .          Rampage  .   (no gloves)
Will    .....                   (no boots)
Stlth   ..........              (no amulet)
HPRegen 0.15/turn               (no ring)
MPRegen 0.09/turn               (no ring)

@: paralysed
A: horns 2, retaliatory headbutt
a: no special abilities


You were on level 3 of the Dungeon.
You visited 1 branch of the dungeon, and saw 3 of its levels.

You collected 55 gold pieces.

Inventory:

Hand Weapons
 a - a +0 long sword (weapon)
Armour
 b - a +0 scale mail (worn)
 c - a +0 buckler (worn)
Scrolls
 f - a scroll of teleportation
Potions
 d - a potion of might
 e - a potion of flight {unknown}
 g - a potion of curing


   Skills:
 + Level 4.6 Fighting
 + Level 3.9 Long Blades
 + Level 4.9 Armour
 + Level 0.5 Dodging
 + Level 4.1 Shields


You had 4 spell levels left.
You didn't know any spells.
Your spell library contained the following spells:

 Spells                   Type           Power      Damage    Failure   Level
 Ensorcelled Hibernation  Hex/Ice        0%         N/A       96%         2
 Spider Form              Tmut/Pois      0%         N/A       99%         3
 Airstrike                Air            0%         N/A       100%        4
 Anguish                  Hex/Necr       0%         N/A       100%        4
 Summon Lightning Spire   Summ/Air       0%         N/A       100%        4
 Lightning Bolt           Conj/Air       0%         1d11      100%        5


Dungeon Overview and Level Annotations

Branches:
Dungeon (3/15)

Altars:

Annotations:
D:3 Grinder


Innate Abilities, Weirdness & Mutations

You have a pair of horns on your head.
You reflexively headbutt those who attack you in melee.


Message History

There is a stone staircase leading up here.
Grinder is nearby!
You slash Grinder! You headbutt Grinder.
Grinder is moderately wounded.
Grinder closely misses you.
You barely miss Grinder.
Grinder is moderately wounded.
Grinder hits you.
You slash Grinder! You headbutt Grinder!
Grinder is severely wounded.
Grinder blinks!
Grinder gestures at you. Pain shoots through your body!
You hit Grinder. You headbutt Grinder.
Grinder is almost dead.
Grinder hits you.
You writhe in agony.
Grinder hits you but does no damage.
You barely miss Grinder.
Grinder is almost dead.
You block Grinder's attack.
You closely miss Grinder. Your headbutt misses Grinder.
Grinder is almost dead.
Grinder gestures at you. Pain shoots through your body!
You closely miss Grinder. Your headbutt misses Grinder.
Grinder is almost dead.
Grinder gestures at you.
You suddenly lose the ability to move!
Grinder gestures at you. Pain shoots through your body!
* * * LOW HITPOINT WARNING * * *
Grinder hits you.
* * * LOW HITPOINT WARNING * * *
You writhe in agony.
* * * LOW HITPOINT WARNING * * *
Grinder hits you.
* * * LOW HITPOINT WARNING * * *
You writhe in agony.
* * * LOW HITPOINT WARNING * * *
Grinder hits you.
You die...

### .. ..
#. #.
###.### #
#.....#.#
##..5@.#.##
#.........#
#.....<#..#
#....?.#..#
...##.###
.# #### #(
.# ## #


You could see Grinder.

Vanquished Creatures
  Natasha (thrice) (D:2)
  Robin (D:2)
  An adder (D:2)
  2 dart slugs (D:2)
  2 ball pythons (D:1)
  2 endoplasms
  A giant cockroach (D:1)
  14 goblins
  6 hobgoblins
  2 jackals (D:1)
  2 kobolds (D:1)
  A frilled lizard (D:1)
  2 rats
39 creatures vanquished.

Vanquished Creatures (others)
  A plant (D:2)
1 creature vanquished.

Grand Total: 40 creatures vanquished

Notes
Turn   | Place    | Note
-------+----------+-------------------------------------------
     0 | D:1      | Peloso the Minotaur Fighter began the quest for the Orb.
     0 | D:1      | Reached XP level 1. HP: 19/19 MP: 0/0
    91 | D:1      | Found a faded altar of an unknown god.
   100 | D:1      | Reached XP level 2. HP: 27/27 MP: 1/1
   737 | D:2      | Reached XP level 3. HP: 23/33 MP: 2/2
  1009 | D:2      | Noticed Robin
  1018 | D:2      | Killed Robin
  1272 | D:2      | Noticed Natasha
  1281 | D:2      | Killed Natasha
  1282 | D:2      | Reached XP level 4. HP: 38/41 MP: 3/3
  1343 | D:2      | Noticed Natasha
  1347 | D:2      | Killed Natasha
  1396 | D:2      | Noticed Natasha
  1406 | D:2      | Killed Natasha
  1717 | D:2      | Reached XP level 5. HP: 46/47 MP: 4/4
  1957 | D:3      | Noticed Grinder
  1967 | D:3      | Paralysed by Grinder for 5 turns
  1970 | D:3      | HP: 1/47 [Grinder (4)]
  1971 | D:3      | Slain by Grinder

Illustrated notes

Levels and vault maps discovered:
D:1:      mrwooster_arrival_statue, layout_loops_ring,
          shapermc_ecumenical_altar_mp_ritualfount, dk_noncrumbling_2
D:2:      layout_rooms, serial_bayou, serial_bayou_lagoon_b,
          serial_bayou_pond_c, serial_bayou_pond_a, serial_bayou_pond_e,
          uniq_natasha, uniq_robin
D:3:      layout_loops_ring, uniq_grinder, uniq_ijyb

Skill      XL: |  1  2  3 |
---------------+----------+-----
Fighting       | 4 |  4.6
Armour         | 4 |  4.9
Shields        | 4 |  4.1
Long Blades    | 3 |  3.9
Dodging        | |  0.5

Action                   |  1- 3 |  4- 6 || total
-------------------------+-------+-------++-------
Melee: Long sword        |    59 |    20 ||    79
       Headbutt          |    10 |     5 ||    15
  Use: Scroll            |     2 |     1 ||     3
       Potion            |     2 |       ||     2
Armor: Scale mail        |    25 |     8 ||    33
Dodge: Dodged            |    23 |     7 ||    30
Block: Buckler           |     9 |     2 ||    11
